 Dungeon Crawl Stone Soup version 0.32-a0-20-ge526923d97 (console) character file.

Game seed: 5544612712093082259

457 Zeia the Grave Robber (level 6, -3/47 HPs)
             Began as a Demonspawn Necromancer on Jan 17, 2024.
             Succumbed to a hornet's poison
             ... on level 5 of the Dungeon.
             The game lasted 00:22:55 (4680 turns).

Zeia the Grave Robber (Demonspawn Necromancer)      Turns: 4680, Time: 00:22:56

Health: -3/47      AC: 11    Str:  8    XL:     6   Next: 77%
Magic:  0/9        EV: 10    Int: 18    God:
Gold:   222        SH:  0    Dex: 13    Spells: 5/9 levels left

rFire   + . .        o - +1 mace (heavy)
rCold   . . .        (no shield)
rNeg    . . .        w - +0 ring mail {rF+}
rPois   .            (helmet restricted)
rElec   .            (no cloak)
rCorr   .            (no gloves)
SInv    .            (no boots)
Will    .....        (no amulet)
Stlth   +            (no ring)
HPRegen 0.27/turn    (no ring)
MPRegen 0.11/turn

%: no passive effects
@: lethally poisoned (-3 -> -18), sanguine armoured, slowed, very slow
A: horns 1, spiny 1, sanguine armour 1, demonic magic 1
a: no special abilities


You were on level 5 of the Dungeon.
You visited 1 branch of the dungeon, and saw 5 of its levels.

You collected 258 gold pieces.
You spent 36 gold pieces at shops.

Inventory:

Hand Weapons
 e - a +0 dagger
 i - a +1 dagger of speed
 k - a +0 mace
 o - a +1 heavy mace (weapon)
Armour
 a - a +0 robe
 w - a +0 ring mail of fire resistance (worn)
Magical Staves
 g - a staff of earth
 l - a staff of conjuration
Wands
 p - a wand of polymorph (9)
 r - a wand of paralysis (8)
 u - a wand of flame (20)
Scrolls
 d - 5 scrolls of teleportation
 v - a scroll of vulnerability {unknown}
Potions
 b - a potion of magic
 c - a potion of berserk rage {unknown}
 f - a potion of heal wounds {unknown}
 h - a potion of enlightenment {unknown}
 m - 5 potions of curing {unknown}
 n - a potion of attraction {unknown}
 q - a potion of brilliance {unknown}
 s - 2 potions of lignification {unknown}
 t - 3 potions of might {unknown}


   Skills:
 - Level 3.1 Fighting
 + Level 2.0 Maces & Flails
 - Level 0.1 Polearms
 + Level 2.1 Armour
 - Level 1.7 Dodging
 - Level 1.7 Stealth
 - Level 2.0 Spellcasting
 - Level 0.4 Summonings
 - Level 6.7 Necromancy
 - Level 0.5 Ice Magic
 - Level 0.6 Air Magic
 - Level 0.1 Shapeshifting


You had 5 spell levels left.
You knew the following spells:

 Your Spells              Type           Power      Damage    Failure   Level
a - Necrotise             Necr           100%       1d9       3%          1
b - Vampiric Draining     Necr           25%        2d7       11%         3

Your spell library contained the following spells:

 Spells                   Type           Power      Damage    Failure   Level
 Animate Dead             Necr           25%        N/A       34%         4
 Curse of Agony           Necr           25%        N/A       67%         5
 Borgnjor's Vile Clutch   Necr/Erth      6%         N/A       98%         5
 Death Channel            Necr           12%        N/A       99%         6
 Borgnjor's Revivificati  Necr           12%        N/A       100%        8


Dungeon Overview and Level Annotations

Branches:
Dungeon (5/15)
 Temple: D:4-7

Altars:

Shops:
D:1 !   D:2 (??

Annotations:
D:2 exclusion: ogre


Innate Abilities, Weirdness & Mutations

You have a pair of small horns on your head.
You are partially covered in sharp spines.
When seriously injured, your blood forms armour. (AC +6)
Spells you cast may paralyse adjacent enemies.


Message History

The ogre is no longer paralysed.
The hornet stings you!
You are poisoned.
You suddenly lose the ability to move!
The hornet is struck by your spines. The hornet stings you!
Your blood congeals into armour.
You feel as though you will be slow longer.
The ogre is struck by your spines.
You kill the ogre!
Your Maces & Flails skill increases to level 2!
Your Armour skill increases to level 2!
You feel very sick. The hornet stings you.
You feel as though you will be slow longer.
The hornet stings you.
You feel as though you will be slow longer.
You feel sick.
The hornet stings you but does no damage.
You can move again.
Casting: Necrotise (safe; 3% risk of failure)
Confirm with . or Enter, or press ? or * to list all spells.
Aiming: Vampiric Draining (dangerous; 11% risk of failure)
Press: ? - help, Shift-Dir - straight line, f - hornet
Aim: a hornet (lightly wounded)
You draw life force from the hornet!
You feel life coursing into your body. Malevolent energies surge around you.
The hornet suddenly stops moving!
You feel sick.
Aiming: Necrotise (safe; 3% risk of failure)
Press: ? - help, Q - select action, (/) - cycle Shift-Dir - straight line, f/p - hornet
Aim: a hornet (moderately wounded, paralysed, chance to affect: 77%)
The hornet writhes in agony.
Malevolent energies surge around you.
You feel sick.
The hornet is no longer paralysed.
The hornet stings you.
* * * LOW HITPOINT WARNING * * *
You are lethally poisoned!
You feel as though you will be slow longer.
The iguana bites you but does no damage.
The hornet stings you!
* * * LOW HITPOINT WARNING * * *
You feel as though you will be slow longer.
Blink to where?
Press: ? - help, Dir - move target, p - hornet
As you read the scroll of blinking, it crumbles to dust.
You die...

### ..# # #.# .##.# ####
.... .... #.#######..#
#..#.#...#.###
###............#
#...##....#..##..
#.####...#..#.## #.#
#.....#.#.# #.#
#.@#.....### #.#
#......###.## #.#
#....#)...#.# ###.#
#.#...#.##### ########Z#.#
#...#..#.### .....##Z#..#
##.......#..#
####Z#.###.###.........###
#....#........#ยง#####
#####.####.....yl...# #.#
#.#.......#.(# #.# #
#...#..#.#


There were no monsters in sight!

Vanquished Creatures
  An ogre (D:5)
  A phantom (D:4)
  2 hounds
  An iguana (D:5)
  An orc wizard (D:3)
  4 gnolls (D:4)
  4 adders
  A shadow imp (D:5)
  A dart slug (D:1)
  2 ribbon worms
  16 orcs
  6 ball pythons
  4 endoplasms
  3 giant cockroaches
  9 goblins
  5 hobgoblins
  2 quokkas
  7 bats
  3 frilled lizards
  7 kobolds
  2 rats
82 creatures vanquished.

Vanquished Creatures (collateral kills)
  A dart slug (D:1)
  An endoplasm (D:1)
  A giant cockroach (D:2)
3 creatures vanquished.

Grand Total: 85 creatures vanquished

Notes
Turn   | Place    | Note
-------+----------+-------------------------------------------
     0 | D:1      | Zeia the Demonspawn Necromancer began the quest for the
                  | Orb.
     0 | D:1      | Reached XP level 1. HP: 13/13 MP: 3/3
    72 | D:1      | Found Piak's Distillery.
   239 | D:1      | Gained mutation: When seriously injured, your blood forms
                  | armour. (AC +6) [demonic ancestry]
   239 | D:1      | Reached XP level 2. HP: 20/20 MP: 3/5
   362 | D:1      | Reached skill level 1 in Fighting
   744 | D:2      | Gained mutation: You are partially covered in sharp spines.
                  | [demonic ancestry]
   744 | D:2      | Reached XP level 3. HP: 27/27 MP: 3/6
   983 | D:2      | Found Nueneolu's Antique Weapon Shoppe.
  1011 | D:2      | Found Pawaf's Magic Scroll Shoppe.
  1022 | D:2      | Bought a scroll of teleportation for 36 gold pieces
  1302 | D:2      | Noticed an ogre
  1468 | D:2      | Found Plog's Magic Scroll Shop.
  1996 | D:3      | Reached XP level 4. HP: 30/35 MP: 1/7
  2278 | D:3      | HP: 1/35 [orc/+0 heavy mace (5)]
  2522 | D:3      | Found a faded altar of an unknown god.
  2601 | D:3      | Reached skill level 5 in Necromancy
  2632 | D:3      | Learned a level 3 spell: Vampiric Draining
  3265 | D:4      | Noticed a phantom
  3289 | D:4      | Killed a phantom
  3290 | D:4      | Reached skill level 6 in Necromancy
  3290 | D:4      | Gained mutation: Spells you cast may paralyse adjacent
                  | enemies. [demonic ancestry]
  3290 | D:4      | Reached XP level 5. HP: 25/41 MP: 8/8
  3886 | D:4      | Gained mutation: You have a pair of small horns on your
                  | head. [demonic ancestry]
  3886 | D:4      | Reached XP level 6. HP: 42/47 MP: 3/9
  4205 | D:5      | Entered Level 5 of the Dungeon
  4473 | D:5      | Got the Grimoire of Necromancy
  4532 | D:5      | Reached skill level 1 in Maces & Flails
  4532 | D:5      | Reached skill level 1 in Armour
  4671 | D:5      | Noticed a hornet
  4675 | D:5      | Paralysed by a hornet for 3 turns
  4679 | D:5      | HP: 2/47 [hornet (7)]
  4680 | D:5      | Succumbed to a hornet's poison

Illustrated notes

Levels and vault maps discovered:
D:1:      reono_arrival_forest_river, layout_basic, serial_shops,
          nicolae_shop_industrial_runoff
D:2:      layout_basic, serial_shops, nicolae_shop_tiny_statue_garden, shop,
          shop_statue, shop
D:3:      layout_basic, nicolae_overflow_ecumenical_swirl
D:4:      layout_loops_ring, st_stairs_3, nicolae_figureground_pulse
D:5:      layout_loops_ring, mainiacjoe_overflow_tiny_flanked,
          cheibriados_altar_1, minmay_increasing_density

Skill      XL: |  1  2  3  4  5  6 |
---------------+-------------------+-----
Fighting       | 1 3 |  3.1
Necromancy     | 6 |  6.7
Maces & Flails | 2 |  2.0
Armour         | 2 |  2.1
Polearms       | |  0.1
Dodging        | |  1.7
Stealth        | |  1.7
Spellcasting   | |  2.0
Summonings     | |  0.4
Ice Magic      | |  0.5
Air Magic      | |  0.6
Shapeshifting  | |  0.1

Action                     |  1- 3 |  4- 6 || total
---------------------------+-------+-------++-------
  Melee: Dagger            |     7 |       ||     7
         Mace              |     3 |    24 ||    27
   Cast: Necrotise         |    61 |    86 ||   147
         Vampiric Draining |       |     4 ||     4
    Use: Scroll            |       |     7 ||     7
   Stab: Paralysed         |       |     1 ||     1
 Armour: Robe              |     7 |    41 ||    48
         Ring mail         |       |     9 ||     9
  Dodge: Dodged            |    12 |    35 ||    47

Table legend: (Time is in decaauts)
 A = Elapsed time spent in this place.
 B = Non-inter-level travel time spent in this place.
 C = Inter-level travel time spent in this place.
 D = Time resting spent in this place.
 E = Time spent auto-exploring this place.
 F = Levels seen in this place.
 G = Mean time per level.
                   A        B        C        D        E       F      G
               +--------+--------+--------+--------+--------+-----+--------+
         Total |   4704 |   4617 |     87 |    937 |   2925 |   5 |  940.8 |
       Dungeon |   4704 |   4617 |     87 |    937 |   2925 |   5 |  940.8 |
               +--------+--------+--------+--------+--------+-----+--------+

Top non-repeatable levels by time:
     D:2: 1314 daAuts
     D:3: 1218 daAuts
     D:4: 1013 daAuts
     D:1: 676 daAuts
     D:5: 482 daAuts
